 Seeded DCSS version 0.28-a0-863-g8cecda6153 (webtiles) character file.

Game seed: 20211006 (custom seed)

2055 a11behringer the Cleaver (level 9, -6/75 HPs)
             Began as a Hill Orc Fighter on Nov 16, 2021.
             Was a Priest of Okawaru.
             Shot with a bolt by an orc warrior (14 damage)
             ... in a bailey.
             The game lasted 00:20:26 (7126 turns).

a11behringer the Cleaver (Hill Orc Fighter)         Turns: 7126, Time: 00:20:26

Health: -6/75      AC: 14    Str: 22    XL:     9   Next: 25%
Magic:  11/11      EV:  6    Int: 11    God:    Okawaru [***...]
Gold:   180        SH:  7    Dex: 18    Spells: 8/8 levels left

rFire   . . .      SeeInvis +   a - +0 war axe
rCold   . . .      Faith    +   K - +2 buckler of Amorality {Rampage Int+3 Dex+2}
rNeg    . . .      Spirit   .   F - +0 plate armour
rPois   .          Reflect  .   (no helmet)
rElec   .          Harm     .   s - +0 cloak {rCorr}
rCorr   +          Rampage  +   (no gloves)
Will    .....                   (no boots)
Stlth   ..........              o - amulet of faith
HPRegen 0.22/turn               D - ring of see invisible
MPRegen 0.12/turn               E - +6 ring of dexterity

@: flying (expiring)
A: no striking features
a: Renounce Religion, Heroism


You were in a bailey.
You worshipped Okawaru.
Okawaru was most pleased with you.
You visited 2 branches of the dungeon, and saw 8 of its levels.
You also visited: Sewer and Bailey.

You collected 308 gold pieces.
You spent 128 gold pieces at shops.

Inventory:

Hand Weapons
 a - a +0 war axe (weapon)
 m - a +3 whip
 v - a +0 arbalest
 B - a +0 battleaxe
 I - a +0 vampiric hand axe
Missiles
 l - 65 arrows
 w - 7 boomerangs (quivered)
 y - a throwing net
 C - 3 javelins
Armour
 b - a +0 scale mail
 c - a +0 buckler
 r - a +0 cloak
 s - a +0 cloak of preservation (worn)
 F - a +0 plate armour (worn)
 K - the +2 buckler of Amorality (worn) {Rampage Int+3 Dex+2}
   (You bought it in a shop on level 6 of the Dungeon)

   Int:       It affects your intelligence (+3).
   Dex:       It affects your dexterity (+2).
   Rampage:   It bestows one free step when moving towards enemies.
Jewellery
 o - an amulet of faith (around neck)
 D - a ring of see invisible (left hand)
 E - a +6 ring of dexterity (right hand)
 G - a ring of wizardry
 H - a ring of magical power
Wands
 A - a wand of flame (24)
Scrolls
 d - a scroll of summoning {unknown}
 q - a scroll of torment {unknown}
 t - a scroll of fog {unknown}
 u - 2 scrolls of teleportation
 z - 2 scrolls of blinking {unknown}
 J - a scroll of enchant armour {unknown}
Potions
 e - 2 potions of degeneration
 f - 2 potions of cancellation
 g - 2 potions of lignification
 h - 3 potions of curing
 i - a potion of heal wounds
 j - a potion of experience {unknown}
 k - 2 potions of brilliance
 n - a potion of magic {unknown}
 p - 2 potions of flight
 L - a potion of haste {unknown}


   Skills:
 + Level 5.9 Fighting
 * Level 12.0 Axes
 * Level 7.0 Armour
 - Level 4.0 Shields
 * Level 3.3 Invocations


You had 8 spell levels left.
You didn't know any spells.
Your spell library contained the following spells:

 Spells                   Type           Power      Damage    Failure   Level
 Slow                     Hex            0%         N/A       99%         1
 Sting                    Tmut/Pois      0%         1d3       99%         1
 Poisonous Vapours        Pois/Air       0%         N/A       100%        2
 Sublimation of Blood     Necr           0%         N/A       100%        2
 Wereblood                Tmut           0%         N/A       100%        2
 Confusing Touch          Hex            0%         N/A       100%        3
 Vampiric Draining        Necr           0%         2d6       100%        3
 Olgreb's Toxic Radiance  Pois           0%         N/A       100%        4
 Petrify                  Tmut/Erth      0%         N/A       100%        4
 Iskenderun's Battlesphe  Conj           0%         2d6       100%        5
 Metabolic Englaciation   Hex/Ice        0%         N/A       100%        5
 Iron Shot                Conj/Erth      0%         9d1       100%        6
 Statue Form              Tmut/Erth      0%         N/A       100%        6
 Spellforged Servitor     Conj/Summ      Unusable   N/A       N/A         7
 Summon Hydra             Summ           Unusable   N/A       N/A         7

Dungeon Overview and Level Annotations

Branches:
Dungeon (7/15)             Temple (1/1) D:4           Sewer (visited)
 Bailey (1/1)

Altars:
Ashenzari
Cheibriados
Dithmenos
Elyvilon
Fedhas
Gozag
Hepliaklqana
Kikubaaqudgha
Makhleb
Nemelex Xobeh
Okawaru
Qazlal
Ru
Uskayaw
Vehumet
Wu Jian
Zin
The Shining One

Shops:
D:6 *[

Annotations:
D:4 2 transporters, McGhostyFace's ghost, novice GnFE


Message History

The orc warrior is severely wounded.
The orc warrior hits you but does no damage.
You slash the orc warrior!
You kill the orc warrior!
Okawaru accepts your kill.
Your base Axes skill increases to level 12!
Your base Armour skill increases to level 7!
There is a gate leading back out of this place here.
Things that are here:
a +0 glaive; a +0 ring mail
Things that are here:
a +0 halberd; a +0 ring mail
Things that are here:
a +0 trident; a +0 chain mail
Things that are here:
a +0 trident; a +0 scale mail; an orc corpse You are starting to lose your buoyancy.
You reach down and open the door.
An orc comes into view. It is wielding a +0 spear.
The orc shouts!
You hear a shout!
An orc warrior comes into view. It is wielding a +0 arbalest.
Found 799 gold pieces, a runed hunting sling and a runed ring mail.
You rampage towards the orc!
An orc warrior comes into view. It is wielding a +0 arbalest.
The orc warrior shouts!
The orc warrior shoots a bolt.
The bolt barely misses you.
The orc warrior shoots a bolt.
The bolt hits you but does no damage. The orc hits you but does no damage.
You hit the orc.
The orc is almost dead.
The orc warrior shoots a bolt.
The bolt hits you!
The orc warrior shoots a bolt.
The bolt hits you!
You hit the orc.
You kill the orc!
Okawaru accepts your kill.
You feel like a meek peon again.
The orc warrior shoots a bolt.
The bolt hits you!
* * * LOW HITPOINT WARNING * * *
The orc warrior shoots a bolt.
The bolt hits you!
You die...

### ## ###
##∩###########.##
...##...##.....##.o.#
≈≈..#...#..≈≈≈..#..[#
o≈≈.......≈≈)≈≈.#..$#
oo≈....)..≈)∩.≈.@.).#
o≈≈...)...≈≈)≈≈.#...#
≈≈..#...#..≈≈≈..#..)#
... #.∩.##.....##..o#
## ##∩###########.##
### ##


You could see 2 orc warriors.

Vanquished Creatures
  Prince Ribbit (D:5)
  Eustachio (D:6)
  3 black bears
  5 orc warriors
  An ice beast (D:5)
  A phantom (D:6)
  A kobold brigand (Sewer)
  Blork the orc (D:5)
  A bullfrog (D:7)
  A water moccasin zombie (D:6)
  A bullfrog zombie (D:5)
  A centaur zombie (D:6)
  A jelly (D:4)
  A centaur skeleton (D:7)
  A hound (D:5)
  Crazy Yiuf (D:3)
  A bullfrog skeleton (D:6)
  2 iguanas (D:5)
  Ijyb (D:5)
  2 orc wizards
  A hound zombie (D:3)
  3 gnolls (D:5)
  A river rat (Sewer)
  5 adders
  A white imp (D:5)
  An adder skeleton (D:4)
  A worm (D:3)
  2 dart slugs
  14 orcs
  6 bats
  8 endoplasms
  7 giant cockroaches
  11 goblins
  9 hobgoblins
  2 jackals (Sewer)
  5 quokkas
  5 ball pythons
  3 frilled lizards
  6 kobolds
  5 rats
124 creatures vanquished.

Vanquished Creatures (others)
  5 toadstools (D:1)
  6 withered plants (D:3)
11 creatures vanquished.

Grand Total: 135 creatures vanquished

Notes
Turn   | Place    | Note
-------+----------+-------------------------------------------
     0 | D:1      | a11behringer the Hill Orc Fighter began the quest for the
                  | Orb.
     0 | D:1      | Reached XP level 1. HP: 19/19 MP: 1/1
   133 | D:1      | Reached skill level 3 in Axes
   133 | D:1      | Reached XP level 2. HP: 27/27 MP: 2/2
   648 | D:2      | Reached XP level 3. HP: 30/33 MP: 3/3
  1035 | D:2      | Reached skill level 4 in Axes
  1818 | D:3      | Reached XP level 4. HP: 28/40 MP: 4/4
  1829 | D:3      | HP: 2/40 [poisoned by an adder]
  2176 | D:3      | Found a glowing drain.
  2197 | D:3      | Reached skill level 5 in Axes
  2249 | Sewer    | Entered a sewer
  2486 | Sewer    | Noticed a kobold brigand
  2525 | Sewer    | Killed a kobold brigand
  2526 | Sewer    | Reached skill level 6 in Axes
  2526 | Sewer    | Reached XP level 5. HP: 43/46 MP: 5/5
  2576 | Sewer    | Found a white marble altar of Elyvilon.
  2805 | D:3      | Found a faded altar of an unknown god.
  2974 | D:3      | Found a runed translucent door.
  2975 | D:3      | Noticed Crazy Yiuf
  3227 | D:3      | Killed Crazy Yiuf
  3228 | D:3      | Reached XP level 6. HP: 46/53 MP: 6/6
  3363 | D:4      | Found a staircase to the Ecumenical Temple.
  3369 | Temple   | Entered the Ecumenical Temple
  3546 | Temple   | Became a worshipper of Warmaster Okawaru
  3569 | D:4      | Found a hazy altar of Hepliaklqana.
  3570 | D:4      | Found a broken altar of Ashenzari.
  3571 | D:4      | Found a glowing golden altar of the Shining One.
  3601 | D:4      | Noticed a black bear
  3629 | D:4      | Killed a black bear
  3630 | D:4      | Reached skill level 7 in Axes
  4000 | D:4      | Reached * piety under Okawaru
  4002 | D:4      | Found a radiant altar of Vehumet.
  4281 | D:4      | Found a transporter.
  4285 | D:4      | Noticed McGhostyFace's ghost (novice GnFE)
  4311 | D:4      | Found a transporter.
  4338 | D:5      | Entered Level 5 of the Dungeon
  4376 | D:5      | Noticed an ice beast
  4395 | D:5      | Killed an ice beast
  4396 | D:5      | Reached skill level 8 in Axes
  4396 | D:5      | Reached XP level 7. HP: 16/60 MP: 5/7
  4420 | D:5      | Noticed Ijyb
  4446 | D:5      | Killed Ijyb
  4828 | D:5      | Reached ** piety under Okawaru
  4829 | D:5      | Reached skill level 9 in Axes
  4913 | D:5      | Noticed Prince Ribbit
  4924 | D:5      | Killed Prince Ribbit
  4925 | D:5      | Reached skill level 5 in Fighting
  4925 | D:5      | Reached skill level 5 in Armour
  4925 | D:5      | Reached XP level 8. HP: 43/68 MP: 6/8
  5068 | D:5      | Noticed Blork the orc
  5075 | D:5      | Killed Blork the orc
  5076 | D:5      | Reached skill level 10 in Axes
  5517 | D:6      | Reached skill level 1 in Invocations
  5678 | D:6      | Found a hide-covered altar of Uskayaw.
  6003 | D:6      | Found a shadowy altar of Dithmenos.
  6012 | D:6      | Reached *** piety under Okawaru
  6056 | D:6      | Noticed Eustachio
  6072 | D:6      | Killed Eustachio
  6278 | D:6      | Reached skill level 11 in Axes
  6322 | D:6      | Found a burning altar of Makhleb.
  6355 | D:6      | Found Qeir's Antique Armour Boutique.
  6405 | D:6      | Found Esmou's CLEARANCE SALE!.
  6414 | D:6      | Bought the +2 buckler of Amorality {Rampage Int+3 Dex+2}
                  | for 128 gold pieces
  6687 | D:7      | Found a flagged portal.
  6702 | D:7      | Reached XP level 9. HP: 61/74 MP: 8/11
  6737 | Bailey   | Entered a bailey
  6737 | Bailey   | Noticed an orc knight
  6765 | Bailey   | HP: 3/75 [orc warrior (11)]
  7113 | Bailey   | Reached skill level 12 in Axes
  7126 | Bailey   | Shot with a bolt by an orc warrior

Illustrated notes

Levels and vault maps discovered:
D:1:      ldierk_walled_garden, layout_loops_cross
D:2:      layout_basic, dk_vineyard_2, kennysheep_cross_bottleneck,
          corexii_corridor_pit, grunt_ministairs_2
D:3:      layout_rooms, gup_sewer_entry_glass,
          ebering_ecumenical_altar_petrified, chequers_serial_rivers_small_3,
          grunt_ministairs_9, uniq_crazy_yiuf_cottage
D:4:      layout_basic, grunt_temple_overflow_open, nicolae_vehumet_radiance,
          temple_statues, gammafunk_ghost_smash, kennysheep_boxes
D:5:      layout_loops_ring, uniq_ijyb, uniq_blork_the_orc, uniq_prince_ribbit1
D:6:      layout_basic, grunt_dithmenos_smoke, mainiacjoe_overflow_alcove_4,
          kennysheep_mini, serial_shops, nicolae_take_the_stairs, minivault_4,
          glass_columns_a, nicolae_shop_clearance, uniq_eustachio
D:7:      layout_basic, enter_bailey_5
Temple:   jpeg_temple_clearing
Bailey:   bailey_polearm_4, bailey

Skill      XL: |  1  2  3  4  5  6  7  8  9 |
---------------+----------------------------+-----
Axes           | 3 4 6 8 9 11 12 | 12.0
Fighting       | 4 5 |  5.9
Armour         | 4 5 6 7 |  7.0
Shields        | 4 |  4.0
Invocations    | 2 3 |  3.3

Action                   |  1- 3 |  4- 6 |  7- 9 || total
-------------------------+-------+-------+-------++-------
Melee: War axe           |   107 |   144 |   207 ||   458
Invok: Heroism           |       |     1 |     7 ||     8
  Use: Scroll            |       |     3 |     3 ||     6
       Potion            |       |     3 |     4 ||     7
Armor: Scale mail        |    65 |    63 |    31 ||   159
       Plate armour      |       |       |    85 ||    85
Dodge: Dodged            |    56 |    74 |    76 ||   206
Block: Buckler           |    19 |    38 |    63 ||   120

Table legend: (Time is in decaauts)
 A = Elapsed time spent in this place.
 B = Non-inter-level travel time spent in this place.
 C = Inter-level travel time spent in this place.
 D = Time resting spent in this place.
 E = Time spent auto-exploring this place.
 F = Levels seen in this place.
 G = Mean time per level.
                   A        B        C        D        E       F      G
               +--------+--------+--------+--------+--------+-----+--------+
         Total |   7246 |   6327 |    919 |      0 |   5124 |  10 |  724.6 |
       Dungeon |   6172 |   5363 |    809 |      0 |   4439 |   7 |  881.7 |
        Temple |    193 |     83 |    110 |      0 |     65 |   1 |  193.0 |
         Sewer |    500 |    500 |      0 |      0 |    298 |   1 |  500.0 |
        Bailey |    379 |    379 |      0 |      0 |    322 |   1 |  379.0 |
               +--------+--------+--------+--------+--------+-----+--------+

Top non-repeatable levels by time:
     D:2: 1210 daAuts
     D:5: 1164 daAuts
     D:6: 1154 daAuts
     D:3: 1113 daAuts
     D:4: 818 daAuts
     D:1: 636 daAuts
   Sewer: 500 daAuts
  Bailey: 379 daAuts
  Temple: 193 daAuts
     D:7: 74 daAuts
